 Dungeon Crawl Stone Soup version 0.28.0-53-g5a82cb258f (webtiles) character file.

Game seed: 6200968090329837736

37 issech the Skirmisher (level 3, -8/33 HPs)
             Began as a Minotaur Monk on June 7, 2022.
             Mangled by Robin
             ... wielding a +2 whip of electrocution
              (19 damage)
             ... on level 2 of the Dungeon.
             The game lasted 00:02:16 (984 turns).

issech the Skirmisher (Minotaur Monk)                Turns: 984, Time: 00:02:18

Health: -8/33      AC:  2    Str: 15    XL:     3   Next: 23%
Magic:  2/2        EV: 13    Int:  7    God:
Gold:   29         SH:  0    Dex: 14    Spells: 2/2 levels left

rFire   . . .      SeeInvis .   a - +0 hand axe
rCold   . . .      Faith    .   (no shield)
rNeg    . . .      Spirit   .   b - +0 robe
rPois   .          Reflect  .   (helmet restricted)
rElec   .          Harm     .   (no cloak)
rCorr   .          Rampage  .   (no gloves)
Will    .....                   (no boots)
Stlth   ++........              (no amulet)
HPRegen 0.11/turn               (no ring)
MPRegen 0.08/turn               (no ring)

@: no status effects
A: horns 2, retaliatory headbutt
a: no special abilities


You were on level 2 of the Dungeon.
You visited 1 branch of the dungeon, and saw 2 of its levels.

You collected 29 gold pieces.

Inventory:

Hand Weapons
 a - a +0 hand axe (weapon)
Missiles
 c - 5 stones (quivered)
 i - 5 atropa-tipped darts
Armour
 b - a +0 robe (worn)
Jewellery
 l - a +6 ring of dexterity
Scrolls
 f - a scroll of fear {unknown}
 g - a scroll of identify {unknown}
 h - a scroll of holy word {unknown}
 j - a scroll of immolation {unknown}
Potions
 d - 2 potions of curing {unknown}
 e - a potion of mutation {unknown}
 k - a potion of attraction {unknown}


   Skills:
 + Level 4.1 Fighting
 + Level 4.1 Axes
 + Level 3.7 Dodging
 + Level 2.0 Stealth


You had 2 spell levels left.
You didn't know any spells.
Your spell library was empty.

Dungeon Overview and Level Annotations

Branches:
Dungeon (2/15)

Altars:

Annotations:
D:2 Robin


Innate Abilities, Weirdness & Mutations

You have a pair of horns on your head.
You reflexively headbutt those who attack you in melee.


Message History

Robin roars a battlecry!
You hear a shout!
The goblin closely misses you.
There is a stone staircase leading up here.
You see here a +0 club.
You barely miss the hobgoblin. Your headbutt misses the hobgoblin.
You closely miss the goblin. The goblin closely misses you.
Robin roars a battlecry!
The goblin hits you with a +0 club.
You slash the goblin!
You kill the goblin!
You barely miss the goblin. You hit the hobgoblin.
The hobgoblin closely misses you. The goblin closely misses you.
You furiously retaliate!
You headbutt the goblin!
You kill the goblin!
You barely miss the hobgoblin.
The hobgoblin is moderately wounded.
You hit the hobgoblin but do no damage. The hobgoblin completely misses you.
Robin roars a battlecry!
The hobgoblin barely misses you. You furiously retaliate!
You headbutt the hobgoblin.
You hear a shout! x2
You hit the hobgoblin.
You kill the hobgoblin!
You barely miss the hobgoblin.
A goblin comes into view. It is wielding a +0 club.
The hobgoblin misses you.
Your Stealth skill increases to level 2!
You barely miss the hobgoblin. Your headbutt misses the hobgoblin.
The hobgoblin is moderately wounded.
The hobgoblin barely misses you.
You hit the hobgoblin.
You kill the hobgoblin!
You hit Robin. Your headbutt misses Robin.
Robin is lightly wounded.
A goblin comes into view. It is wielding a +0 dagger.
Robin hits you with a +2 whip of electrocution.
You are electrocuted!!
Ouch! That really hurt!
You die...

#..##g.........#
.... #.##g.####..
.### ...##g)#
######..# ##g##
#..# .#####..##
........)g#######
..#######@†......
#########


You could see Robin and 3 goblins.

Vanquished Creatures
  2 dart slugs (D:1)
  2 bats (D:1)
  3 endoplasms (D:1)
  4 giant cockroaches (D:1)
  7 goblins
  4 hobgoblins
  2 kobolds (D:1)
  A ball python (D:1)
  3 frilled lizards (D:1)
28 creatures vanquished.

Vanquished Creatures (others)
  A fungus (D:2)
  A plant (D:2)
2 creatures vanquished.

Grand Total: 30 creatures vanquished

Notes
Turn   | Place    | Note
-------+----------+-------------------------------------------
     0 | D:1      | issech the Minotaur Monk began the quest for the Orb.
     0 | D:1      | Reached XP level 1. HP: 19/19 MP: 0/0
   212 | D:1      | Reached XP level 2. HP: 25/27 MP: 1/1
   725 | D:1      | Reached XP level 3. HP: 33/33 MP: 2/2
   960 | D:2      | Noticed Robin
   984 | D:2      | Mangled by Robin

Illustrated notes

Levels and vault maps discovered:
D:1:      psy_arrival_statuary, layout_rooms, minivault_23
D:2:      layout_rooms, shapermc_ecumenical_altar_mp_ritualfount, basic_altar,
          minmay_tetromino_i2, uniq_jessica, uniq_robin, uniq_sigmund

Skill      XL: |  1  2  3 |
---------------+----------+-----
Fighting       | 4 |  4.1
Axes           | 4 |  4.1
Stealth        | 2 |  2.0
Dodging        | |  3.7

Action                   || total
-------------------------++-------
Melee: Hand axe          ||    48
       Headbutt          ||     7
 Stab: Sleeping          ||     3
Armor: Robe              ||     9
Dodge: Dodged            ||    39
